 Dungeon Crawl Stone Soup version 0.18.0-2-g198d6d4 (webtiles) character file.

112 dvd the Chucker (level 4, -1/45 HPs)
             Began as an Ogre Hunter on May 5, 2016.
             Slain by a giant frog (2 damage)
             ... on level 3 of the Dungeon.
             The game lasted 00:07:17 (3107 turns).

dvd the Chucker (Ogre Hunter)                       Turns: 3107, Time: 00:07:18

Health: -1/45      AC:  3    Str: 17    XL:     4   Next: 93%
Magic:  4/4        EV: 10    Int: 10    God:
Gold:   127        SH:  0    Dex: 11    Spells: 0 memorised, 3 levels left

rFire  . . .     SeeInvis .     e - +0 spear
rCold  . . .     Gourm    .     b - +0 robe
rNeg   . . .     Faith    .     (no shield)
rPois  .         Spirit   .     (helmet restricted)
rElec  .         Dismiss  .     (no cloak)
rCorr  .         Reflect  .     (gloves unavailable)
SustAt .         Harm     .     (boots unavailable)
MR     .....                    (no amulet)
Stlth  +.........               (no ring)
                                (no ring)

@: not resistant to hostile enchantments, very unstealthy
A: unfitting armour, tough skin 1
a: no special abilities


You were on level 3 of the Dungeon.
You were not hungry.

You visited 1 branch of the dungeon, and saw 3 of its levels.

You collected 127 gold pieces.

Inventory:

Hand Weapons
 e - a +0 spear (weapon)
 n - a +0 whip
Missiles
 d - a throwing net (quivered)
 k - 64 stones
Armour
 b - a +0 robe (worn)
Scrolls
 g - a scroll of identify {unknown}
 i - a scroll of recharging {unknown}
 j - a scroll of remove curse {unknown}
 o - a scroll of magic mapping {unknown}
 s - a scroll of amnesia {unknown}
 t - a scroll of immolation {unknown}
Potions
 a - a potion of might {unknown}
 l - a potion of cure mutation {unknown}
 p - 2 potions of brilliance {unknown}
 u - 5 potions of degeneration {unknown}
 v - a potion of curing {unknown}
 w - a potion of flight {unknown}
Comestibles
 f - 3 bread rations
 m - a royal jelly
 q - 2 meat rations
 r - a beef jerky


   Skills:
 + Level 3.4 Fighting
 + Level 0.4 Polearms
 + Level 5.0 Throwing
 + Level 3.0 Dodging
 + Level 1.0 Stealth


You had 3 spell levels left.
You didn't know any spells.

Dungeon Overview and Level Annotations

Branches:
Dungeon (3/15)

Altars:

Annotations:
D:3 Robin


Innate Abilities, Weirdness & Mutations

You are too large for most types of armour.
You have tough skin (AC +1).


Message History

The bat closely misses you. The giant frog barely misses you.
The bat closely misses you. The giant frog barely misses you.
You barely miss the giant frog.
The giant frog is heavily wounded.
The bat closely misses you. The bat hits you but does no damage.
The giant frog hits you but does no damage.
The bat hits you but does no damage.
You hit the giant frog.
The giant frog is heavily wounded.
The giant frog barely misses you. The bat barely misses you.
The giant frog hits you.
* * * LOW HITPOINT WARNING * * *
You barely miss the giant frog.
The giant frog is heavily wounded.
The bat barely misses you. The giant frog hits you.
* * * LOW HITPOINT WARNING * * *
The giant frog hits you.
* * * LOW HITPOINT WARNING * * *
The bat barely misses you. The giant frog hits you.
You die...

### ###.# ######### #...#
#(......# ####.#.####
#####.?..(..#####.........#
............##............#
######.....................#
...(.[...##F#<###.#........#
....$.....bb@.....#######.###
.....(.######.......<.##....#
######.# #............##....#
#(<# #.###........>.....#
.....g.## # #......))..#####
#####.b #........#...... ....
#.............## (.##.
..........###### ...# ..
..>.......#


You could see a giant frog and 2 bats.

Vanquished Creatures
  An adder (D:2)
  3 oozes
  2 worms
  3 dart slugs
  4 giant geckos
  2 giant cockroaches
  13 goblins
  13 hobgoblins
  3 jackals (D:1)
  A quokka (D:3)
  A ball python (D:2)
  9 bats
  A giant newt (D:1)
  6 kobolds
  5 rats
67 creatures vanquished.

Notes
Turn   | Place    | Note
--------------------------------------------------------------
     0 | D:1      | dvd the Ogre Hunter began the quest for the Orb.
     0 | D:1      | Reached XP level 1. HP: 22/22 MP: 1/1
    74 | D:1      | Reached XP level 2. HP: 28/29 MP: 2/2
   291 | D:1      | Reached XP level 3. HP: 27/36 MP: 3/3
  1340 | D:2      | Reached XP level 4. HP: 40/45 MP: 4/4
  2508 | D:3      | Noticed Robin
  2614 | D:2      | Reached skill level 5 in Throwing
  2832 | D:3      | Noticed a giant frog
  2843 | D:2      | Reached skill level 1 in Stealth
  3106 | D:3      | HP: 1/45 [giant frog (6)]
  3107 | D:3      | Slain by a giant frog

Skill      XL: |  1  2  3  4 |
---------------+-------------+-----
Dodging        | 2 3 |  3.0
Fighting       | 3 |  3.4
Throwing       | 5 |  5.0
Stealth        | 1 |  1.0
Polearms       | |  0.4

Action                   |  1- 3 |  4- 6 || total
-------------------------+-------+-------++-------
Melee: Spear             |   127 |   132 ||   259
Throw: Large rock        |    15 |    12 ||    27
       Throwing net      |       |     1 ||     1
 Stab: Sleeping          |     2 |     1 ||     3
  Eat: Chunk             |     2 |     5 ||     7
Armor: Robe              |    36 |    43 ||    79
Dodge: Dodged            |    68 |   110 ||   178
